 Dungeon Crawl Stone Soup version 0.30-a0-1157-g2cc9ac7196 (webtiles) character file.

Game seed: 12104268656508942342

121 Ahpoh the Sneak (level 5, -8/33 HPs)
             Began as a Gargoyle Delver on Apr 24, 2023.
             Mangled by Edmund
             ... wielding a +3 flail of distortion
              (10 damage)
             ... on level 4 of the Dungeon.
             The game lasted 00:08:38 (2490 turns).

Ahpoh the Sneak (Gargoyle Delver)                   Turns: 2490, Time: 00:08:39

Health: -8/33      AC: 12    Str: 15    XL:     5   Next: 5%
Magic:  5/5        EV:  9    Int: 17    God:
Gold:   192        SH:  0    Dex: 13    Spells: 4/4 levels left

rFire   . . .        a - +0 falchion
rCold   . . .        (no shield)
rNeg    + . .        i - +0 scale mail
rPois   ∞            (no helmet)
rElec   +            n - +0 cloak
rCorr   .            (no gloves)
SInv    .            r - +0 pair of boots
Will    .....        (no amulet)
Stlth   ++           h - +6 ring of intelligence
HPRegen 0.25/turn    (no ring)
MPRegen 0.09/turn

%: no passive effects
@: no status effects
A: sickness immunity, AC +4, negative energy resistance 1, electricity
resistance, torment resistance 1, petrification resistance
a: no special abilities


You were on level 4 of the Dungeon.
You visited 1 branch of the dungeon, and saw 5 of its levels.

You collected 192 gold pieces.

Inventory:

Hand Weapons
 a - a +0 falchion (weapon)
Missiles
 l - 2 poisoned darts (quivered)
Armour
 i - a +0 scale mail (worn)
 n - a +0 cloak (worn)
 r - a +0 pair of boots (worn)
Jewellery
 h - a +6 ring of intelligence (left hand)
 m - a ring of ice
Wands
 g - a wand of digging (3)
Scrolls
 c - a scroll of fog
 d - 2 scrolls of magic mapping
 j - 2 scrolls of identify {unknown}
 o - a scroll of enchant weapon {unknown}
 q - a scroll of summoning {unknown}
 s - a scroll of teleportation {unknown}
 w - a scroll of torment {unknown}
Potions
 b - 2 potions of heal wounds {unknown}
 f - a potion of haste
 k - 2 potions of degeneration {unknown}
 p - a potion of curing {unknown}
 t - a potion of mutation {unknown}
 u - a potion of lignification {unknown}
 v - a potion of brilliance {unknown}


   Skills:
 + Level 4.0 Fighting
 + Level 3.1 Long Blades
 + Level 1.0 Armour
 + Level 2.0 Dodging
 + Level 6.2 Stealth


You had 4 spell levels left.
You didn't know any spells.
Your spell library contained the following spells:

 Spells                   Type           Power      Damage    Failure   Level
 Freeze                   Ice            0%         1d3       67%         1
 Necrotise                Necr           0%         1d4       67%         1
 Frozen Ramparts          Ice            0%         1d1       96%         3
 Hailstorm                Conj/Ice       0%         3d3       96%         3
 Vampiric Draining        Necr           0%         2d6       96%         3
 Vhi's Electric Charge    Tloc/Air       0%         N/A       96%         3
 Agony                    Necr           0%         N/A       100%        5
 Arcjolt                  Conj/Air       0%         1d10      100%        5
 Plasma Beam              Fire/Air       0%         2x1d11    100%        6


Dungeon Overview and Level Annotations

Branches:
Dungeon (5/15)
 Temple: D:4-7

Altars:
Elyvilon

Annotations:
D:4 Edmund


Innate Abilities, Weirdness & Mutations

You are immune to sickness and miasma.
Your stone body is resilient. (AC +4)
You are immune to poison.
You resist negative energy. (rN+)
You are resistant to electric shocks. (rElec)
You are resistant to unholy torment.
You are immune to petrification.


Message History

As you read the scroll of fear, it crumbles to dust.
You assume a fearsome visage.
Edmund looks frightened!
Throw: 5 darts (poison)
Press: ? - help, Q - select action Shift-Dir - straight line, f/p - Edmund
Aim: Edmund, wielding a +3 flail of distortion and wearing a +0 chain mail (heavily wounded, fleeing, poisoned, 67% to hit)
You throw a poisoned dart. The poisoned dart barely misses Edmund.
Throw: 4 darts (poison)
Press: ? - help, Q - select action Shift-Dir - straight line, f/p - Edmund
Aim: Edmund, wielding a +3 flail of distortion and wearing a +0 chain mail (severely wounded, fleeing, poisoned, 67% to hit)
You throw a poisoned dart. The poisoned dart hits Edmund.
Your attack snaps Edmund out of his fear.
Edmund is severely wounded.
Throw: 3 darts (poison)
Press: ? - help, Q - select action Shift-Dir - straight line, f/p - Edmund
Aim: Edmund, wielding a +3 flail of distortion and wearing a +0 chain mail (severely wounded, poisoned, 67% to hit)
You throw a poisoned dart.
The poisoned dart closely misses Edmund.
Edmund looks more healthy.
You hit Edmund.
Edmund is severely wounded.
Edmund hits you but does no damage. Space warps around you.
* * * LOW HITPOINT WARNING * * *
You barely miss Edmund.
Edmund is severely wounded.
Edmund closely misses you.
You hit Edmund but do no damage.
Edmund is severely wounded.
Edmund completely misses you.
You hit Edmund.
Edmund is severely wounded.
Edmund barely misses you.
You hit Edmund but do no damage.
Edmund is severely wounded.
Edmund hits you with a +3 flail of distortion!
* * * LOW HITPOINT WARNING * * *
You closely miss Edmund.
Edmund is severely wounded.
Edmund hits you with a +3 flail of distortion!
You die...

######### #...(...)
##.####.###
#####..##.....## .
##......#.......#..
##.@@.(.(#.......#..
#..###.#....._...J.#
#..# #...#......)#.#
##.##
###.#.......#.#
#..## #.##.....# .#
##..## #.####.####.#
##..## #...........#
##..# #######...###
##.### #..##


You could see Edmund.

Vanquished Creatures
  Jessica (D:3)
  4 adders
  3 worms
  2 orcs (D:3)
  5 endoplasms
  A goblin (D:2)
  3 hobgoblins (D:1)
  6 kobolds
  3 quokkas (D:2)
  A ball python (D:3)
  5 bats
  A frilled lizard (D:2)
  21 rats
56 creatures vanquished.

Notes
Turn   | Place    | Note
-------+----------+-------------------------------------------
     0 | D:5      | Ahpoh the Gargoyle Delver began the quest for the Orb.
     0 | D:5      | Reached XP level 1. HP: 14/14 MP: 1/1
    16 | D:5      | Noticed an iguana
    17 | D:5      | Noticed a hound
    59 | D:5      | Noticed a scorpion
    83 | D:5      | Noticed a howler monkey
    85 | D:5      | Noticed an ogre
   109 | D:4      | Reached XP level 2. HP: 16/19 MP: 2/2
   164 | D:3      | Reached skill level 6 in Stealth
   290 | D:2      | Reached XP level 3. HP: 23/23 MP: 3/3
  1633 | D:2      | Reached XP level 4. HP: 26/29 MP: 4/4
  1963 | D:3      | Noticed Jessica
  1972 | D:3      | Killed Jessica
  1973 | D:3      | Reached skill level 1 in Armour
  2189 | D:3      | Reached XP level 5. HP: 31/33 MP: 5/5
  2430 | D:4      | Found a white marble altar of Elyvilon.
  2435 | D:4      | Noticed Edmund
  2490 | D:4      | Mangled by Edmund

Illustrated notes

Levels and vault maps discovered:
D:1:      dpeg_arrival_circle_labyrinth_a, layout_loops_ring
D:2:      layout_basic, minmay_rat_hole
D:3:      layout_basic, uniq_jessica
D:4:      layout_layer_cave, old_standard_altar,
          mainiacjoe_overflow_concentric_impassable, uniq_blork_the_orc,
          uniq_edmund, uniq_sigmund
D:5:      minmay_bubble_buster, layout_loops_ring,
          minmay_temple_entry_antechambers

Skill      XL: |  1  2  3  4 |
---------------+-------------+-----
Stealth        | 6 |  6.2
Long Blades    | 2 3 |  3.1
Armour         | 1 |  1.0
Dodging        | 2 |  2.0
Fighting       | 4 |  4.0

Action                     |  1- 3 |  4- 6 || total
---------------------------+-------+-------++-------
  Melee: Falchion          |   138 |    91 ||   229
         Punch             |     1 |       ||     1
  Throw: Dart              |       |     5 ||     5
    Use: Scroll            |       |     1 ||     1
   Stab: Sleeping          |     3 |       ||     3
 Armour: Leather armour    |    15 |       ||    15
         Scale mail        |    82 |    39 ||   121
         Ring mail         |     3 |       ||     3
  Dodge: Dodged            |    76 |    43 ||   119

Table legend: (Time is in decaauts)
 A = Elapsed time spent in this place.
 B = Non-inter-level travel time spent in this place.
 C = Inter-level travel time spent in this place.
 D = Time resting spent in this place.
 E = Time spent auto-exploring this place.
 F = Levels seen in this place.
 G = Mean time per level.
                   A        B        C        D        E       F      G
               +--------+--------+--------+--------+--------+-----+--------+
         Total |   2531 |   2525 |      6 |     16 |   1506 |   5 |  506.2 |
       Dungeon |   2531 |   2525 |      6 |     16 |   1506 |   5 |  506.2 |
               +--------+--------+--------+--------+--------+-----+--------+

Top non-repeatable levels by time:
     D:1: 872 daAuts
     D:2: 851 daAuts
     D:3: 592 daAuts
     D:4: 118 daAuts
     D:5: 96 daAuts
